 Dungeon Crawl Stone Soup version 0.29.0-11-gd7f09526c8 (webtiles) character file.

Game seed: 12332824130141813767

866 SnakkuSnakku7 the Chopper (level 8, -3/63 HPs)
             Began as a Human Delver on Sept 7, 2022.
             Splashed by a jelly's acid (8 damage)
             ... on level 4 of the Dungeon.
             The game lasted 00:05:54 (5363 turns).

SnakkuSnakku7 the Chopper (Human Delver)            Turns: 5363, Time: 00:05:54

Health: -3/63      AC: -8    Str: 16    XL:     8   Next: 23%
Magic:  8/8        EV: 11    Int: 10    God:
Gold:   203        SH:  0    Dex: 14    Spells: 7/7 levels left

rFire   . . .      SeeInvis .   a - +2 hand axe (vorpal)
rCold   . . .      Faith    .   (no shield)
rNeg    + . .      Spirit   .   l - +2 ring mail {rN+}
rPois   .          Reflect  .   (no helmet)
rElec   .          Harm     .   C - +0 cloak
rCorr   .          Rampage  .   (no gloves)
Will    .....                   (no boots)
Stlth   ++........              (no amulet)
HPRegen 0.20/turn               B - ring of wizardry
MPRegen 0.11/turn               (no ring)

@: corroded
A: no striking features
a: no special abilities


You were on level 4 of the Dungeon.
You visited 1 branch of the dungeon, and saw 5 of its levels.

You collected 203 gold pieces.

Inventory:

Hand Weapons
 a - a +2 vorpal hand axe (weapon)
 o - a +3 whip
 s - a +0 spear
Missiles
 j - 4 silver javelins (quivered)
Armour
 b - a +0 leather armour
 l - a +2 ring mail of positive energy (worn)
 C - a +0 cloak (worn)
Jewellery
 B - a ring of wizardry (left hand)
Wands
 g - a wand of digging (3)
Scrolls
 c - a scroll of fog
 d - a scroll of magic mapping
 k - a scroll of noise {unknown}
 m - a scroll of immolation {unknown}
 n - 4 scrolls of identify {unknown}
 p - a scroll of brand weapon {unknown}
 r - a scroll of vulnerability {unknown}
 u - 2 scrolls of teleportation {unknown}
 y - a scroll of enchant armour {unknown}
 A - a scroll of silence {unknown}
Potions
 h - 5 potions of heal wounds {unknown}
 i - a potion of invisibility {unknown}
 q - 2 potions of flight {unknown}
 t - 2 potions of mutation {unknown}
 v - a potion of resistance {unknown}
 w - 2 potions of attraction {unknown}
 x - 3 potions of curing {unknown}
 z - 2 potions of lignification {unknown}


   Skills:
 - Level 5.6 Fighting
 + Level 7.2(7.4) Axes
 - Level 2.0(5.0) Polearms
 - Level 2.0 Dodging
 - Level 5.0 Stealth


You had 7 spell levels left.
You didn't know any spells.
Your spell library contained the following spells:

 Spells                   Type           Power      Damage    Failure   Level
 Foxfire                  Conj/Fire      0%         2x1d4     28%         1
 Ensorcelled Hibernation  Hex/Ice        0%         N/A       38%         2
 Passwall                 Tmut/Erth      0%         N/A       38%         2
 Conjure Flame            Conj/Fire      0%         6-21      61%         3
 Inner Flame              Hex/Fire       0%         N/A       61%         3
 Swiftness                Air            0%         N/A       61%         3
 Flame Wave               Conj/Fire      0%         2d4       94%         4


Dungeon Overview and Level Annotations

Branches:
Dungeon (5/15)
 Temple: D:4-7

Altars:
Cheibriados

Annotations:
D:4 Pikel


Message History

There is a stone staircase leading up here.
You climb upwards.
There is a stone staircase leading down, spattered with blood here.
Okay, then.
Unknown command.
You can't go up here!
You start resting.
HP restored.
You climb downwards.
Level annotation: Pikel
There is a stone staircase leading up here.
Things that are here:
a +0 robe; a +0 club A jelly is nearby!
The jelly quivers.
You hit the jelly. The acid corrodes you!
Your hands burn!
The jelly is moderately wounded.
The jelly hits you.
You are splashed with acid!
You hit the jelly but do no damage. The acid corrodes you!
Your hands burn!
The jelly is moderately wounded.
The jelly hits you.
You are splashed with acid!
You hit the jelly.
Your hands burn!
The jelly is moderately wounded.
The jelly barely misses you.
You are too injured to fight recklessly!
The lemure attacks as you move away! The lemure hits you.
The lemure attacks as you move away! The lemure hits you.
The jelly attacks as you move away! The jelly hits you. The acid corrodes you!
You are splashed with acid!
The lemure attacks as you move away! The lemure hits you.
The jelly attacks as you move away! The jelly hits you.
* * * LOW HITPOINT WARNING * * *
The acid corrodes you!
You are splashed with acid!
* * * LOW HITPOINT WARNING * * *
There is a stone staircase leading up here.
Okay, then.
The jelly hits you.
* * * LOW HITPOINT WARNING * * *
The acid corrodes you!
You are splashed with acid!
You die...

.......................#
.......................#
#......................#
#...............[[.....#
#..............).......#
##.....................#
#.....................#
##.............J.......#
#).............5@.....##
.).#.................##
#####................# #
#...............## #
##.....[.......##
#............#.## #
#...........###.# #
###...........# ###
####............##


You could see a lemure and a jelly.

Vanquished Creatures
  Sigmund (D:3)
  A black bear (D:4)
  A phantom (D:4)
  2 scorpions (D:4)
  A jelly (D:4)
  A hound (D:4)
  Crazy Yiuf (D:3)
  3 gnoll boudas (D:4)
  An orc priest (D:2)
  Ijyb (D:3)
  6 adders
  6 gnolls
  2 dart slugs
  5 orcs (D:4)
  7 ball pythons
  4 bats
  5 endoplasms
  4 giant cockroaches
  6 goblins
  9 hobgoblins
  4 kobolds
  7 quokkas
  3 frilled lizards
  6 rats
87 creatures vanquished.

Notes
Turn   | Place    | Note
-------+----------+-------------------------------------------
     0 | D:5      | SnakkuSnakku7 the Human Delver began the quest for the Orb.
     0 | D:5      | Reached XP level 1. HP: 18/18 MP: 1/1
     9 | D:5      | Noticed an iguana
    39 | D:4      | Reached XP level 2. HP: 7/24 MP: 2/2
   297 | D:4      | Reached XP level 3. HP: 30/30 MP: 3/3
   636 | D:4      | Noticed a lemure
   669 | D:4      | Reached skill level 5 in Fighting
   669 | D:4      | Reached XP level 4. HP: 8/39 MP: 4/4
   980 | D:4      | Noticed a scorpion
  1009 | D:4      | Noticed a black bear
  1040 | D:3      | Noticed Sigmund
  1050 | D:3      | Noticed Ijyb
  1057 | D:2      | Reached XP level 5. HP: 4/44 MP: 5/5
  2067 | D:2      | Reached skill level 1 in Axes
  2127 | D:2      | Found a snail-covered altar of Cheibriados.
  2589 | D:3      | Killed Ijyb
  2590 | D:3      | Reached skill level 2 in Axes
  2623 | D:3      | Reached XP level 6. HP: 36/51 MP: 6/6
  2826 | D:3      | Killed Sigmund
  2827 | D:3      | Reached skill level 4 in Axes
  3077 | D:3      | Found a runed translucent door.
  3078 | D:3      | Noticed Crazy Yiuf
  3242 | D:3      | Killed Crazy Yiuf
  3243 | D:3      | Reached XP level 7. HP: 20/56 MP: 7/7
  3908 | D:4      | Reached skill level 5 in Axes
  4644 | D:3      | Reached skill level 6 in Axes
  4979 | D:4      | Noticed Pikel
  4982 | D:4      | Reached XP level 8. HP: 53/63 MP: 8/8
  5003 | D:4      | Reached skill level 7 in Axes
  5012 | D:4      | HP: 3/63 [Pikel/puff of flame (3)]
  5017 | D:4      | HP: 1/63 [Pikel/puff of flame (3)]
  5363 | D:4      | Splashed by a jelly's acid

Illustrated notes

Levels and vault maps discovered:
D:1:      minmay_arrival_stone_box, layout_basic
D:2:      layout_basic, basic_altar, dreamdust_princess_bridge
D:3:      layout_rooms, minmay_shallow_snake_nest, uniq_ijyb,
          uniq_crazy_yiuf_cottage, uniq_sigmund
D:4:      layout_layer_cave, minmay_circle_x, uniq_pikel
D:5:      layout_basic, tso_oasis_becter

Skill      XL: |  1  2  3  4  5  6  7  8 |
---------------+-------------------------+-----
Fighting       | 4 5 |  5.6
Axes           | 2 4 6 7 |  7.2
Polearms       | |  2.0
Dodging        | |  2.0
Stealth        | |  5.0

Action                   |  1- 3 |  4- 6 |  7- 9 || total
-------------------------+-------+-------+-------++-------
Melee: Spear             |    41 |    11 |       ||    52
       Whip              |       |    47 |       ||    47
       Punch             |       |     1 |     1 ||     2
       Hand axe          |       |    98 |   123 ||   221
Throw: Javelin           |     5 |       |     1 ||     6
Evoke: Wand              |       |     3 |       ||     3
  Use: Scroll            |       |       |     2 ||     2
       Potion            |       |       |     1 ||     1
 Stab: Sleeping          |     1 |    10 |     1 ||    12
       Distracted        |     1 |       |       ||     1
Armor: Leather armour    |     9 |       |       ||     9
       Ring mail         |     7 |    62 |    70 ||   139
Dodge: Dodged            |    11 |   102 |    90 ||   203
